 Dungeon Crawl Stone Soup version 0.27.1-3-gb3d3a73c9e (webtiles) character file.

Game seed: 2373143782924478593

97 ABBCCCDDDD the Sneak (level 4, -2/29 HPs)
             Began as an Octopode Enchanter on Oct 7, 2021.
             Slain by an orc priest (4 damage)
             ... on level 3 of the Dungeon.
             The game lasted 00:05:07 (3426 turns).

ABBCCCDDDD the Sneak (Octopode Enchanter)           Turns: 3426, Time: 00:05:08

Health: -2/29      AC:  1    Str:  7    XL:     4   Next: 68%
Magic:  5/7        EV: 13    Int: 18    God:
Gold:   137        SH:  0    Dex: 12    Spells: 1/7 levels left

rFire    . . .     SeeInvis .   a - +1 dagger
rCold    . . .     Faith    .   (no shield)
rNeg     . . .     Spirit   .   (helmet restricted)
rPois    .         Reflect  .   (no amulet)
rElec    .         Harm     .   (no ring)
rCorr    .         Rampage  .   (no ring)
Will     .....                  (no ring)
Stlth    ++++......             (no ring)
HPRegen  0.09/turn              (no ring)
MPRegen  0.10/turn              (no ring)
                                (no ring)
                                (no ring)

@: no status effects
A: almost no armour, amphibious, 8 rings, camouflage 1, gelatinous body 1,
(nimble swimmer 1), tentacles
a: no special abilities


You were on level 3 of the Dungeon.
You visited 1 branch of the dungeon, and saw 3 of its levels.

You collected 137 gold pieces.

Inventory:

Hand Weapons
 a - a +1 dagger (weapon)
 d - a +0 hunting sling
Scrolls
 b - a scroll of fog {unknown}
 c - a scroll of brand weapon {unknown}
 f - a scroll of fear {unknown}
 h - a scroll of identify {unknown}
 i - 2 scrolls of magic mapping {unknown}
 j - a scroll of acquirement {unknown}
Potions
 e - a potion of lignification {unknown}
 g - a potion of flight {unknown}


   Skills:
 + Level 1.9 Fighting
 - Level 1.9 Short Blades
 - Level 2.0 Dodging
 - Level 5.0 Stealth
 + Level 2.2 Spellcasting
 + Level 3.7 Hexes


You had one spell level left.
You knew the following spells:

 Your Spells              Type           Power      Damage    Failure   Level
a - Corona                Hex            16%        N/A       3%          1
b - Ensorcelled Hibernat  Hex/Ice        16%        N/A       12%         2
c - Tukima's Dance        Hex            15%        N/A       12%         3

Your spell library contained the following spells:

 Spells                   Type           Power      Damage    Failure   Level
 Confusing Touch          Hex            15%        N/A       12%         3
 Dazzling Flash           Conj/Hex       16%        N/A       24%         3
 Blink                    Tloc           N/A        N/A       26%         2
 Passwall                 Tmut/Erth      0%         N/A       26%         2
 Lesser Beckoning         Tloc           0%         N/A       47%         3
 Swiftness                Air            1%         N/A       47%         3
 Blade Hands              Tmut           0%         N/A       99%         5
 Irradiate                Conj/Tmut      0%         3d13      99%         5
 Manifold Assault         Tloc           1%         N/A       99%         5
 Invisibility             Hex            7%         N/A       99%         6
 Dragon Form              Tmut           0%         N/A       100%        7


Dungeon Overview and Level Annotations

Branches:
Dungeon (3/15)

Altars:

Annotations:
D:1 exclusion: gnoll


Innate Abilities, Weirdness & Mutations

You cannot wear most types of armour.
You are amphibious.
You can wear up to eight rings at the same time.
Your skin changes colour to match your surroundings (Stealth+).
Your rubbery body absorbs attacks. (AC +1, EV +1)
((You are camouflaged near water. (Stealth+)))
You have tentacles for arms and can constrict up to eight enemies at once.


Message History

You destroy the quokka skeleton!
No target in view!
No target in view!
An orc comes into view. It is wielding a +0 dagger.
Found a mace.
An orc is nearby!
An orc and an orc priest come into view.
An orc comes into view. It is wielding a +0 falchion.
The helpless orc fails to defend itself.
You impale the orc!!
You kill the orc!
The orc barely misses you.
The orc shouts!
The orc priest shouts!
A bat comes into view.
Casting: Ensorcelled Hibernation (safe; 12% risk of failure)
Confirm with . or Enter, or press ? or * to list all spells.
Aiming: Ensorcelled Hibernation (safe; 12% risk of failure)
Press: ? - help, Shift-Dir - straight line, f - orc priest
Aim: an orc priest, wielding a +0 hand axe and wearing a +0 chain mail (chance to affect: 39%)
The orc priest looks drowsy...
The orc barely misses you. The bat barely misses you.
The orc closely misses you.
The orc priest shouts!
You closely miss the orc priest. Your grab misses the orc priest.
The bat hits you. The orc hits you with a +0 falchion.
The orc hits you with a +0 dagger.
The orc priest hits you with a +0 hand axe.
You hit the orc priest. You grab the orc priest.
The orc priest is lightly wounded.
You constrict the orc priest, but do no damage.
The bat barely misses you. The orc hits you with a +0 falchion.
The orc priest hits you with a +0 hand axe!
* * * LOW HITPOINT WARNING * * *
The orc closely misses you.
You hit the orc priest.
The orc priest is moderately wounded.
You constrict the orc priest, but do no damage.
The bat closely misses you. The orc hits you with a +0 falchion.
* * * LOW HITPOINT WARNING * * *
The orc priest hits you with a +0 hand axe.
You die...

#.#####..≈≈≈..#
........≈.≈...#
#.####.P......#
#.........###.####
#########........###
#<####.....#
#.####.....##
#.##..)o....#
#.##.#.o@.b.#
......Po.).#
...........#
####.###.##.# #. #.#
.# #. ... # #.# #..


You could see an orc priest, 2 orcs and a bat.

Levels and vault maps discovered:
D:1:      dpeg_cavernosity, layout_basic, ebering_ecumenical_altar_ruins
D:2:      layout_basic
D:3:      minmay_roachtagon, layout_loops_ring, serial_undead, serial_undead_f,
          serial_undead_e, serial_undead_c, serial_undead_e

Notes
Turn   | Place    | Note
-------+----------+-------------------------------------------
     0 | D:1      | ABBCCCDDDD the Octopode Enchanter began the quest for the
                  | Orb.
     0 | D:1      | Reached XP level 1. HP: 11/11 MP: 3/3
    75 | D:1      | Found a faded altar of an unknown god.
   483 | D:1      | Reached XP level 2. HP: 15/18 MP: 5/5
   610 | D:1      | Learned a level 2 spell: Ensorcelled Hibernation
   861 | D:1      | Reached skill level 1 in Fighting
  1284 | D:1      | Reached XP level 3. HP: 19/23 MP: 6/6
  2686 | D:2      | Learned a level 3 spell: Tukima's Dance
  2718 | D:2      | Reached XP level 4. HP: 28/28 MP: 3/7
  2905 | D:2      | Reached skill level 5 in Stealth
  3426 | D:3      | Slain by an orc priest

Table legend: (Time is in decaauts)
 A = Elapsed time spent in this place.
 B = Non-inter-level travel time spent in this place.
 C = Inter-level travel time spent in this place.
 D = Time resting spent in this place.
 E = Time spent auto-exploring this place.
 F = Levels seen in this place.
 G = Mean time per level.
                   A        B        C        D        E       F      G
               +--------+--------+--------+--------+--------+-----+--------+
         Total |   3416 |   3334 |     82 |   1075 |   1751 |   3 | 1138.7 |
       Dungeon |   3416 |   3334 |     82 |   1075 |   1751 |   3 | 1138.7 |
               +--------+--------+--------+--------+--------+-----+--------+

Top non-repeatable levels by time:
     D:1: 2024 daAuts
     D:2: 1210 daAuts
     D:3: 182 daAuts

Table legend:
 A = Kills in this place as a percentage of kills in entire the game.
 B = Kills by you in this place as a percentage of kills by you in the entire game.
 C = Kills by friends in this place as a percentage of kills by friends in the entire game.
 D = Other kills in this place as a percentage of other kills in the entire game.
 E = Experience gained in this place as a percentage of experience gained in the entire game.
 F = Experience gained in this place divided by the number of levels of this place that you have seen.
                   A       B       C       D       E      F
               +-------+-------+-------+-------+-------+----------------------
         Total | 100.0 | 100.0 |   N/A |   N/A | 100.0 |  46.3
       Dungeon | 100.0 | 100.0 |   N/A |   N/A | 100.0 |  46.3
               +-------+-------+-------+-------+-------+----------------------

Action                   |  1- 3 |  4- 6 || total
-------------------------+-------+-------++-------
Melee: Dagger            |    91 |    39 ||   130
       Constrict         |    17 |     8 ||    25
       Tentacles         |    12 |     5 ||    17
 Cast: Corona            |     3 |       ||     3
       Ensorcelled Hiber |     6 |     4 ||    10
 Stab: Sleeping          |    20 |     8 ||    28
       Distracted        |       |     1 ||     1
Armor: Skin              |     7 |     2 ||     9
Dodge: Dodged            |    37 |    22 ||    59

Vanquished Creatures
  An adder (D:2)
  A howler monkey skeleton (D:2)
  An adder skeleton (D:3)
  4 worms (D:2)
  2 dart slugs
  An orc (D:3)
  2 endoplasms
  3 giant cockroaches
  4 goblins
  7 hobgoblins
  4 jackals (D:1)
  A quokka (D:1)
  8 ball pythons
  A ball python zombie (D:3)
  2 bats
  6 frilled lizards
  5 kobolds (D:1)
  A quokka skeleton (D:3)
  A quokka zombie (D:3)
  6 rats
61 creatures vanquished.
